 Dungeon Crawl Stone Soup version 0.17-a0-2127-g1cb09f6 (webtiles) character file.

385 Adamkad1 the Covered (level 6, -4/56 HPs)
             Began as a Hill Orc Fighter on Oct 21, 2015.
             Was an Initiate of Beogh.
             Slain by an ogre
             ... wielding a +0 giant club
              (11 damage)
             ... on level 4 of the Dungeon.
             The game lasted 00:06:24 (2333 turns).

Adamkad1 the Covered (Hill Orc Fighter)             Turns: 2333, Time: 00:06:24

Health: -4/56      AC:  7    Str: 21    XL:     6   Next: 77%
Magic:  6/6        EV:  8    Int:  8    God:    Beogh [......]
Gold:   202        SH: 10    Dex: 10    Spells: 0 memorised, 5 levels left

rFire  . . .     SeeInvis .     a - +0 war axe
rCold  . . .     Clarity  .     b - +0 scale mail
rNeg   + . .     SustAt   .     c - +0 shield
rPois  .         Gourm    .     (no helmet)
rElec  .         Spirit   .     (no cloak)
rCorr  .         Warding  +     (no gloves)
rMut   .         Stasis   .     (no boots)
MR     .....                    j - amulet of warding
Stlth  ..........               (no ring)
                                (no ring)

@: not resistant to hostile enchantments, extremely unstealthy
A: no striking features
a: Renounce Religion


You were on level 4 of the Dungeon.
You worshipped Beogh.
Beogh was noncommittal.
You were not hungry.

You visited 1 branch of the dungeon, and saw 5 of its levels.

You collected 202 gold pieces.

Inventory:

Hand Weapons
 a - a +0 war axe (weapon)
Armour
 b - a +0 scale mail (worn)
 c - a +0 shield (worn)
 l - a +0 large shield
Jewellery
 j - an amulet of warding (around neck)
Scrolls
 g - 3 scrolls of teleportation
 h - 3 scrolls of remove curse
 m - 3 scrolls of identify
Potions
 d - 2 potions of agility {unknown}
 f - a potion of might
 k - a potion of curing
Comestibles
 e - a bread ration
 i - 3 meat rations


   Skills:
 + Level 5.0 Fighting
 + Level 4.2 Axes
 * Level 5.2 Armour
 + Level 1.4 Dodging
 + Level 0.6 Stealth
 * Level 4.7 Shields


You had 5 spell levels left.
You didn't know any spells.

Dungeon Overview and Level Annotations

Branches:
Dungeon (5/15)
 Temple: D:4-7

Altars:
Dithmenos
Makhleb
Qazlal


Message History

The ogre is heavily wounded.
The ogre hits you with a giant club!!
* * * LOW HITPOINT WARNING * * *
You are too injured to fight recklessly!
You are too injured to fight recklessly!
You are too injured to fight recklessly!
You slash the ogre!
The ogre is severely wounded.
The ogre hits you with a giant club!
* * * LOW HITPOINT WARNING * * *
Unknown command.
Drink which item? (? for menu, Esc to quit)
You feel better. The ogre barely misses you.
You hit the ogre.
The ogre is almost dead.
You block the ogre's attack.
You hit the ogre but do no damage.
The ogre is almost dead.
The ogre hits you with a giant club!
You die...

. #+#♣.....##..#
.... .
♣.....##..##....
♣...............
♣...............
+.....##..######+#
#####+##..###....#
#.........#
#...O.....+
+...@.$...#
###########


You could see an ogre.

Vanquished Creatures
  Sigmund (D:2)
  An ogre (D:4)
  A hound (D:5)
  Ijyb (D:2)
  2 adders (D:2)
  4 oozes
  4 giant geckos
  7 bats
  A bat skeleton (D:4)
  A bat zombie (D:4)
  4 giant cockroaches
  4 goblins
  3 hobgoblins (D:1)
  2 jackals (D:1)
  A giant newt (D:1)
  2 kobolds (D:1)
  3 quokkas
  6 rats
48 creatures vanquished.

Vanquished Creatures (others)
  An orc (D:4)
  A bat zombie (D:4)
2 creatures vanquished.

Grand Total: 50 creatures vanquished

Notes
Turn   | Place    | Note
--------------------------------------------------------------
     0 | D:1      | Adamkad1 the Hill Orc Fighter began the quest for the Orb.
     0 | D:1      | Reached XP level 1. HP: 19/19 MP: 1/1
   188 | D:1      | Reached XP level 2. HP: 25/27 MP: 2/2
   547 | D:1      | Reached skill level 4 in Fighting
   597 | D:1      | Reached XP level 3. HP: 33/33 MP: 3/3
  1193 | D:2      | Found a burning altar of Makhleb.
  1226 | D:2      | Noticed Ijyb
  1239 | D:2      | Killed Ijyb
  1239 | D:2      | Reached XP level 4. HP: 27/40 MP: 4/4
  1263 | D:2      | Found a shadowy altar of Dithmenos.
  1379 | D:2      | Reached skill level 1 in Dodging
  1677 | D:2      | Noticed Sigmund
  1694 | D:2      | Killed Sigmund
  1694 | D:2      | Reached XP level 5. HP: 32/47 MP: 5/5
  1694 | D:2      | Reached XP level 6. HP: 36/53 MP: 6/6
  1805 | D:2      | Found a stormy altar of Qazlal.
  1857 | D:3      | You fall through a shaft for 2 floors!
  1857 | D:5      | Entered Level 5 of the Dungeon
  1952 | D:4      | Reached skill level 5 in Fighting
  1952 | D:4      | Reached skill level 5 in Armour
  2222 | D:4      | Became a worshipper of Beogh the Brigand
  2330 | D:4      | HP: 1/56 [ogre/giant club (16)]
  2333 | D:4      | Slain by an ogre

Vault maps used:
D:1:      minmay_arrival_widening_spiral_wide
D:2:      lemuel_round_altar, grunt_dithmenos_smoke_and_mirrors,
          minmay_misc_feat_room, nicolae_qazlal_eye_of_the_storm, uniq_sigmund,
          uniq_iyjb
D:3:      first_bread, st_stairs_14, serial_bayou_lagoon_a
D:4:      fedhas_altar_fruit_tree, kennysheep_vampire_church,
          kennysheep_mini_moat
D:5:      minmay_temple_entry_nine_rooms, serial_bayou_lagoon_b

Action                   |  1- 3 |  4- 6 || total
-------------------------+-------+-------++-------
Melee: War axe           |   108 |    53 ||   161
Invok: Convert to Beogh  |       |     1 ||     1
  Use: Scroll            |     7 |       ||     7
       Potion            |       |     2 ||     2
  Eat: Chunk             |     1 |     1 ||     2
       Bread ration      |       |     1 ||     1
